 Dungeon Crawl Stone Soup version 0.23-a0-629-gae4348f (webtiles) character file.

37 Leeroy the Slasher (level 3, -2/28 HPs)
             Began as a Barachi Skald on Dec 26, 2018.
             Slain by a leopard gecko (4 damage)
             ... on level 2 of the Dungeon.
             The game lasted 00:02:57 (1157 turns).

Leeroy the Slasher (Barachi Skald)                  Turns: 1157, Time: 00:02:57

Health: -2/28      AC:  3    Str: 12    XL:     3   Next: 41%
Magic:  6/6        EV: 12    Int: 14    God:
Gold:   64         SH:  0    Dex: 11    Spells: 2/6 levels left

rFire    . . .     SeeInvis .   a - +0 falchion
rCold    . . .     Gourm    .   (no shield)
rNeg     . . .     Faith    .   b - +0 leather armour
rPois    .         Spirit   .   (no helmet)
rElec    .         Reflect  .   (no cloak)
rCorr    .         Harm     .   (no gloves)
MR       .....                  (no boots)
Stlth    +.........             (no amulet)
HPRegen  0.09/turn              (no ring)
MPRegen  0.10/turn              (no ring)

@: slow
A: +LOS, swims, slowness 1, strong legs 1
a: Hop


You were on level 2 of the Dungeon.
You were hungry.

You visited 1 branch of the dungeon, and saw 2 of its levels.

You collected 64 gold pieces.

Inventory:

Hand Weapons
 a - a +0 falchion (weapon)
 e - a +0 short sword
 l - a cursed -3 mace
Missiles
 c - 33 stones (quivered)
 g - 34 arrows
 j - 25 bolts
 m - 44 sling bullets
Armour
 b - a +0 leather armour (worn)
Scrolls
 f - 2 scrolls of identify {unknown}
 h - a scroll of magic mapping {unknown}
 k - a scroll of immolation {unknown}
 n - 2 scrolls of amnesia {unknown}
 p - a scroll of noise {unknown}
Potions
 o - a potion of heal wounds {unknown}
Comestibles
 d - 2 rations


   Skills:
 - Level 2.4 Fighting
 * Level 4.1 Long Blades
 - Level 1.4 Armour
 - Level 2.3 Dodging
 - Level 2.2 Spellcasting
 - Level 3.4 Charms


You had 2 spell levels left.
You knew the following spells:

 Your Spells              Type           Power        Failure   Level  Hunger
a - Infusion              Chrm           ##..         7%          1    #......
b - Spectral Weapon       Hex/Chrm       #.......     41%         3    ###....

Your spell library contained the following spells:

 Spells                   Type           Power        Failure   Level  Hunger
 Song of Slaying          Chrm           ##......     11%         2    ###....
 Shroud of Golubria       Chrm/Tloc      #.........   22%         2    ###....
 Regeneration             Chrm/Necr      #.........   41%         3    ###....


Dungeon Overview and Level Annotations

Branches:
Dungeon (2/15)

Altars:


Innate Abilities, Weirdness & Mutations

Shadows flee at your approach. (+LOS)
You can swim through water.
You cover ground slowly.
You can hop short distances.


Message History

The leopard gecko misses you.
You barely miss the leopard gecko.
The leopard gecko is heavily wounded.
The leopard gecko bites you.
* * * LOW HITPOINT WARNING * * *
Unknown command.
You closely miss the leopard gecko.
The leopard gecko is heavily wounded.
You feel sick.
You are no longer poisoned.
The leopard gecko bites you.
* * * LOW HITPOINT WARNING * * *
You barely miss the leopard gecko.
The leopard gecko is heavily wounded.
The leopard gecko bites you.
* * * LOW HITPOINT WARNING * * *
Unknown command.
You are feeling hungry.
The leopard gecko bites you.
You die...

#.# #.# #/## #..
#.. #.# #.# #
########l#..##..
#......@.........
......###.###.....
##.. #.# .## # #.#
... ... .... ....
....


You could see a leopard gecko.

Vanquished Creatures
  An adder (D:2)
  A leopard gecko (D:1)
  A giant cockroach (D:1)
  3 goblins (D:1)
  2 hobgoblins (D:1)
  4 jackals (D:1)
  5 bats (D:1)
  2 frilled lizards (D:1)
  3 kobolds (D:1)
  3 rats (D:1)
25 creatures vanquished.

Notes
Turn   | Place    | Note
-------+----------+-------------------------------------------
     0 | D:1      | Leeroy the Barachi Skald began the quest for the Orb.
     0 | D:1      | Reached XP level 1. HP: 17/17 MP: 3/3
   439 | D:1      | Reached XP level 2. HP: 11/23 MP: 5/5
   577 | D:1      | Reached skill level 3 in Long Blades
   874 | D:1      | Reached XP level 3. HP: 15/28 MP: 3/6
   892 | D:1      | Learned a level 3 spell: Spectral Weapon
  1149 | D:2      | Reached skill level 4 in Long Blades
  1157 | D:2      | Slain by a leopard gecko

Vault maps used:
D:1:      dpeg_arrival_simpleton_a

Skill      XL: |  1  2  3 |
---------------+----------+-----
Long Blades    | 3 4 |  4.1
Fighting       | |  2.4
Armour         | |  1.4
Dodging        | |  2.3
Spellcasting   | |  2.2
Charms         | |  3.4

Action                   || total
-------------------------++-------
Melee: Falchion          ||    95
 Cast: Infusion          ||     4
  Eat: Chunk             ||     1
Armor: Leather armour    ||    39
Dodge: Dodged            ||    80
       Rpst.: Falchion   ||    24

Table legend:
 A = Non-vault XP
 B = Vault XP
 C = Vault XP percentage of total XP
 D = Non-vault monster count
 E = Vault monster count
 F = Vault count percentage of total count
                 A         B        C        D         E       F
            +---------+---------+-------+---------+---------+-------
      Total |      54 |       0 |   0.0 |      25 |       0 |   0.0
            +---------+---------+-------+---------+---------+-------
        D:1 |      40 |       0 |   0.0 |      24 |       0 |   0.0
        D:2 |      14 |       0 |   0.0 |       1 |       0 |   0.0
            +---------+---------+-------+---------+---------+-------
